 Dungeon Crawl Stone Soup version 0.30-a0-46-g5a63ccc183 (webtiles) character file.

Game seed: 12646434322269709986

132 LnG the Covered (level 5, -1/46 HPs)
             Began as a Hill Orc Fighter on Sept 1, 2022.
             Slain by an orc
             ... wielding a +0 flail
              (5 damage)
             ... on level 3 of the Dungeon.
             The game lasted 00:04:56 (1929 turns).

LnG the Covered (Hill Orc Fighter)                  Turns: 1929, Time: 00:04:57

Health: -1/46      AC:  8    Str: 21    XL:     5   Next: 15%
Magic:  5/5        EV:  9    Int:  8    God:
Gold:   75         SH:  4    Dex: 10    Spells: 4/4 levels left

rFire   . . .      SeeInvis .    a - +0 war axe
rCold   . . .      Faith    .    c - +0 buckler
rNeg    . . .      Spirit   .    b - +1 scale mail
rPois   .          Reflect  .    (no helmet)
rElec   .          Harm     .    (no cloak)
rCorr   .          Rampage  .    (no gloves)
Will    .....                    (no boots)
Stlth   ..........               (no amulet)
HPRegen 0.15/turn                (no ring)
MPRegen 0.09/turn                (no ring)

@: no status effects
A: no striking features
a: no special abilities


You were on level 3 of the Dungeon.
You visited 1 branch of the dungeon, and saw 4 of its levels.

You collected 75 gold pieces.

Inventory:

Hand Weapons
 a - a +0 war axe (weapon)
Armour
 b - a +1 scale mail (worn)
 c - a +0 buckler (worn)
Scrolls
 h - a scroll of teleportation
Potions
 d - a potion of might
 e - a potion of brilliance {unknown}
 f - a potion of haste {unknown}
 g - 2 potions of curing
 i - a potion of degeneration {unknown}
 j - a potion of berserk rage {unknown}


   Skills:
 + Level 4.1 Fighting
 + Level 4.0 Axes
 + Level 4.6 Armour
 + Level 0.4 Dodging
 + Level 0.1 Stealth
 + Level 4.1 Shields


You had 4 spell levels left.
You didn't know any spells.
Your spell library contained the following spells:

 Spells                   Type           Power      Damage    Failure   Level
 Beastly Appendage        Tmut           0%         N/A       83%         1
 Wereblood                Tmut           0%         N/A       92%         2
 Portal Projectile        Hex/Tloc       0%         N/A       99%         3
 Spider Form              Tmut/Pois      0%         N/A       99%         3
 Tukima's Dance           Hex            0%         N/A       99%         3
 Blade Hands              Tmut           0%         N/A       100%        5


Dungeon Overview and Level Annotations

Branches:
Dungeon (4/15)
 Temple: D:4-7

Altars:


Message History

Something hits you but does no damage.
The orc wizard hits you but does no damage. x2
You miss something. You slash the orc!
You kill the orc!
You barely miss the orc wizard.
The orc wizard hits you but does no damage.
You barely miss the jackal. You hit the orc wizard. You miss something.
You block the jackal's attack. Something hits you.
* * * LOW HITPOINT WARNING * * *
The orc wizard hits you but does no damage.
The jackal barely misses you.
The orc wizard points at you and mumbles some strange words.
The magic dart hits you but does no damage.
You hear some strange, mumbled words.
A magic dart appears from out of thin air!
The magic dart hits you but does no damage.
You slash the jackal!
You kill the jackal!
You slash something!
Reactivating autopickup.
You feel a bit more experienced.
You slash the orc wizard!
You kill the orc wizard!
Your Axes skill increases to level 4!
You have reached level 5!
You feel stronger.
You hit the orc.
The orc is moderately wounded.
The orc hits you but does no damage.
You hit the orc.
The orc is severely wounded.
The orc hits you but does no damage.
You closely miss the orc.
The orc is severely wounded.
The orc hits you with a +0 flail.
* * * LOW HITPOINT WARNING * * *
The orc hits you but does no damage.
You hit the orc.
The orc is almost dead.
The orc hits you with a +0 flail.
You die...

.. ##. #.. . #.. ..#
##.## #.....J.
##.#.##o# #
#.....)@#####.# ####
#..#.##.).....# ..#
#..#.##.##..... #.#
#..#....#.#.#..
###.######........#
..
.................#.#
##
###.#.#.###.#######.#
#.#†#.###.# ...
..#....##.# .##


You could see an orc and an endoplasm.

Vanquished Creatures
  2 orc wizards (D:3)
  3 adders
  An ufetubus (D:2)
  A worm (D:2)
  2 dart slugs (D:2)
  An orc (D:3)
  3 bats
  3 endoplasms (D:2)
  3 goblins
  4 hobgoblins
  6 jackals (D:3)
  5 kobolds
  2 quokkas (D:1)
  3 ball pythons
  3 rats
42 creatures vanquished.

Notes
Turn   | Place    | Note
-------+----------+-------------------------------------------
     0 | D:1      | LnG the Hill Orc Fighter began the quest for the Orb.
     0 | D:1      | Reached XP level 1. HP: 19/19 MP: 1/1
   170 | D:1      | Reached XP level 2. HP: 27/27 MP: 2/2
   964 | D:2      | Reached XP level 3. HP: 12/33 MP: 3/3
  1313 | D:2      | Found a faded altar of an unknown god.
  1597 | D:2      | Reached XP level 4. HP: 34/40 MP: 4/4
  1926 | D:3      | Reached XP level 5. HP: 7/46 MP: 5/5
  1929 | D:3      | Slain by an orc

Illustrated notes

Levels and vault maps discovered:
D:1:      scummos_arrival_simple_crosswalls, layout_loops_cross, st_stairs_9
D:2:      layout_basic, hellmonk_ecumenical_altar_slurped_away
D:3:      layout_loops_cross, gammafunk_ghost_nasty_kobolds, serial_glass,
          glass_columns_a, glass_columns_a, serial_shops,
          nicolae_shop_statue_plus
D:4:      layout_loops_corners

Skill      XL: |  1  2  3  4 |
---------------+-------------+-----
Axes           | 3 4 |  4.0
Shields        | 4 |  4.1
Armour         | 4 |  4.6
Fighting       | 4 |  4.1
Dodging        | |  0.4
Stealth        | |  0.1

Action                   |  1- 3 |  4- 6 || total
-------------------------+-------+-------++-------
Melee: War axe           |   103 |    38 ||   141
  Use: Scroll            |     3 |     2 ||     5
Armor: Scale mail        |    55 |    45 ||   100
Dodge: Dodged            |    49 |    22 ||    71
Block: Buckler           |    21 |     7 ||    28

Table legend: (Time is in decaauts)
 A = Elapsed time spent in this place.
 B = Non-inter-level travel time spent in this place.
 C = Inter-level travel time spent in this place.
 D = Time resting spent in this place.
 E = Time spent auto-exploring this place.
 F = Levels seen in this place.
 G = Mean time per level.
                   A        B        C        D        E       F      G
               +--------+--------+--------+--------+--------+-----+--------+
         Total |   1981 |   1924 |     57 |    435 |   1052 |   4 |  495.2 |
       Dungeon |   1981 |   1924 |     57 |    435 |   1052 |   4 |  495.2 |
               +--------+--------+--------+--------+--------+-----+--------+

Top non-repeatable levels by time:
     D:1: 939 daAuts
     D:2: 933 daAuts
     D:3: 107 daAuts
     D:4: 1 daAuts
